 Dungeon Crawl Stone Soup version 0.31-a0-675-g238779eb0a (webtiles) character file.

Game seed: 14575375088034635966

7091 Gargoyl the Cleaver (level 11, -14/103 HPs)
             Began as a Gargoyle Berserker on Sept 5, 2023.
             Was a Priest of Trog.
             Demolished by an orc warrior
             ... wielding a +0 bardiche
              (22 damage)
             ... in a bailey.
             The game lasted 00:10:53 (6785 turns).

Gargoyl the Cleaver (Gargoyle Berserker)            Turns: 6785, Time: 00:10:53

Health: -14/103    AC: 23    Str: 21    XL:     11   Next: 9%
Magic:  0/11       EV:  7    Int:  8    God:    Trog [***...]
Gold:   442        SH:  0    Dex: 13    Spells: 10/10 levels left

rFire   . . .        n - +2 hand axe (elec)
rCold   . . .        (no shield)
rNeg    + . .        j - +1 plate armour
rPois   ∞            (no helmet)
rElec   +            b - scarf {repulsion}
rCorr   .            (no gloves)
SInv    .            (no boots)
Will    ++...        i - amulet of guardian spirit Stlth
                     (no ring)
HPRegen 1.37/turn    (no ring)
MPRegen 0.12/turn

%: random rage (3%), repel missiles, guardian spirit
@: berserking (expiring), strong-willed, regenerating, very quick
A: sickness immunity, AC +8, negative energy resistance 1, electricity
resistance, torment resistance 1, petrification resistance, berserk 1, screaming
1, inability to read after injury 1
a: Renounce Religion, Berserk, Trog's Hand


You were in a bailey.
You worshipped Trog.
Trog was most pleased with you.
You visited 1 branch of the dungeon, and saw 10 of its levels.
You also visited: Bailey.

You collected 442 gold pieces.

Inventory:

Hand Weapons
 e - a +4 war axe
 k - a +0 flail
 n - a +2 hand axe of electrocution (weapon)
 s - a +5 scimitar
Missiles
 r - 6 poisoned darts
 v - a curare-tipped dart (quivered)
Armour
 b - a scarf of repulsion (worn)
 j - a +1 plate armour (worn)
Jewellery
 i - an amulet of guardian spirit (around neck)
 q - an amulet of magic regeneration
Wands
 m - a wand of flame (6)
 t - a wand of roots (19)
Scrolls
 o - 2 scrolls of silence
Potions
 a - 2 potions of invisibility
 c - 2 potions of cancellation
 d - 3 potions of enlightenment
 f - 2 potions of might
 g - 3 potions of haste {unknown}
 h - 2 potions of magic {unknown}
 l - a potion of mutation
 p - a potion of resistance


   Skills:
 + Level 8.7 Fighting
 + Level 11.7 Axes
 + Level 9.0 Armour
 + Level 2.6 Dodging
 + Level 1.6 Stealth
 + Level 0.2 Evocations


You had 10 spell levels left.
You didn't know any spells.
Your spell library was empty.

Dungeon Overview and Level Annotations

Branches:
Dungeon (10/15)            Temple (0/1) D:5            Lair (0/5) D:9
 Bailey (1/1)
    Orc: D:9-12

Altars:
Nemelex Xobeh


Innate Abilities, Weirdness & Mutations

You are immune to sickness and miasma.
Your stone body is resilient. (AC +8)
You are immune to poison.
You resist negative energy. (rN+)
You are resistant to electric shocks. (rElec)
You are resistant to unholy torment.
You are immune to petrification.
You sometimes lose your temper in combat.
You occasionally shout uncontrollably at your foes.
You occasionally lose the ability to read scrolls when taking damage.


Message History

Unknown command.
You hit the orc knight.
Lightning courses through the orc knight!
The orc knight is almost dead.
The orc knight hits you but does no damage.
The orc warrior hits you from afar with a +0 bardiche!
The orc warrior barely misses you.
Unknown command.
You completely miss the orc knight.
The orc knight is almost dead.
You slash the orc warrior! You hit the orc warrior.
The orc knight hits you with a +0 glaive!
The orc warrior hits you with a +0 bardiche!!
* * * LOW HITPOINT WARNING * * *
The orc warrior hits you with a +0 trident!
* * * LOW HITPOINT WARNING * * *
You slash the orc knight!
You kill the orc knight!
Trog accepts your kill.
You hit the orc warrior but do no damage.
You hit the orc warrior.
Your Armour skill increases to level 9!
Unknown command.
You slash the orc warrior!
The orc warrior is heavily wounded.
You closely miss the orc warrior.
The orc warrior hits you but does no damage. x2
Unknown command.
You barely miss the orc warrior.
The orc warrior is heavily wounded.
You slash the orc warrior!
Unknown command.
You miss the orc warrior. Your punch misses the orc warrior.
The orc warrior is heavily wounded.
You hit the orc warrior.
Lightning courses through the orc warrior!
You kill the orc warrior!
Trog accepts your kill.
The orc warrior hits you with a +0 bardiche!!
You die...

####### ###########
######.....###..........
....#.......'...........
....'..#....'.......???.
....'...))..'..).)..???.
....'..#)...'...@o..???.
....#...))..'..)........
######)))..###..........
####### ###########


You could see an orc warrior (strong).

Vanquished Creatures
  A centaur warrior (D:9)
  An orc knight (Bailey)
  The ghost of gyole the Shooter, a novice SpHu of Fedhas (D:5)
  Maggie (D:6)
  A rime drake (D:9)
  2 hornets (D:9)
  A steam dragon (D:7)
  Menkaure (D:6)
  2 water moccasins (D:7)
  15 orc warriors
  7 ice beasts
  2 sky beasts
  2 black bears
  3 wolves (D:9)
  An ogre (D:5)
  A centaur (D:6)
  A phantom (D:5)
  2 kobold brigands
  4 scorpions
  5 wights (D:9)
  2 howler monkeys (D:7)
  A jelly (D:6)
  5 orc priests
  2 hounds
  An iguana (D:5)
  8 orc wizards
  A sleepcap (D:6)
  3 gnolls (D:5)
  8 adders
  5 white imps
  A dart slug (D:3)
  4 worms
  53 orcs
  7 endoplasms
  3 giant cockroaches
  6 goblins
  7 hobgoblins
  9 jackals
  6 quokkas
  6 bats
  9 frilled lizards
  16 kobolds
  4 rats
221 creatures vanquished.

Vanquished Creatures (collateral kills)
  A yak (D:9)
  An orc wizard (D:5)
  3 orcs (D:5)
5 creatures vanquished.

Grand Total: 226 creatures vanquished

Notes
Turn   | Place    | Note
-------+----------+-------------------------------------------
     0 | D:1      | Gargoyl the Gargoyle Berserker began the quest for the Orb.
     0 | D:1      | Reached XP level 1. HP: 14/14 MP: 1/1
   104 | D:1      | Reached XP level 2. HP: 15/19 MP: 2/2
   109 | D:1      | Reached skill level 3 in Axes
   494 | D:2      | Reached XP level 3. HP: 24/24 MP: 3/3
   577 | D:2      | Reached ** piety under Trog
  1469 | D:3      | Reached XP level 4. HP: 29/29 MP: 2/4
  2873 | D:4      | Reached XP level 5. HP: 32/33 MP: 5/5
  2913 | D:4      | Reached skill level 4 in Axes
  3223 | D:5      | Entered Level 5 of the Dungeon
  3274 | D:5      | Noticed an ogre
  3279 | D:5      | Killed an ogre
  3280 | D:5      | Reached XP level 6. HP: 39/39 MP: 6/6
  3351 | D:5      | Reached *** piety under Trog
  3352 | D:5      | Reached skill level 5 in Axes
  3622 | D:5      | Reached skill level 5 in Fighting
  3779 | D:5      | Reached XP level 7. HP: 44/44 MP: 7/7
  3784 | D:5      | Found a runed translucent gate.
  3785 | D:5      | Found a runed translucent gate.
  3785 | D:5      | Found a runed translucent gate.
  3786 | D:5      | Noticed gyole's ghost (novice SpHu)
  3812 | D:5      | Killed gyole's ghost
  3895 | D:5      | Reached skill level 6 in Axes
  3908 | D:5      | Found a staircase to the Ecumenical Temple.
  4035 | D:6      | Reached XP level 8. HP: 32/51 MP: 5/8
  4042 | D:6      | Reached skill level 5 in Armour
  4137 | D:6      | Noticed Maggie
  4155 | D:6      | Killed Maggie
  4156 | D:6      | Reached skill level 7 in Axes
  4218 | D:6      | Reached skill level 1 in Stealth
  4366 | D:6      | Reached skill level 8 in Axes
  4366 | D:6      | Reached XP level 9. HP: 54/56 MP: 9/9
  4721 | D:6      | Noticed Menkaure
  4745 | D:6      | Killed Menkaure
  5042 | D:7      | Reached skill level 9 in Axes
  5288 | D:7      | Identified the +5 battleaxe of Mastery {heavy, *Rage Fly
                  | rElec}
  5490 | D:8      | Reached **** piety under Trog
  5556 | D:8      | Found a sparkling altar of Nemelex Xobeh.
  5613 | D:8      | Reached XP level 10. HP: 55/63 MP: 6/10
  5695 | D:8      | You fall into a shaft and drop 2 floors!
  5695 | D:10     | Entered Level 10 of the Dungeon
  5702 | D:10     | Reached skill level 10 in Axes
  5899 | D:9      | Noticed a centaur warrior
  5916 | D:9      | Killed a centaur warrior
  5929 | D:9      | Found a staircase to the Lair.
  5956 | D:9      | HP: 1/64 [yak (6)]
  5958 | D:9      | Gained mutation: You occasionally shout uncontrollably at
                  | your foes. [potion of mutation]
  5958 | D:9      | Gained mutation: You occasionally lose the ability to read
                  | scrolls when taking damage. [potion of mutation]
  5958 | D:9      | Gained mutation: You sometimes lose your temper in combat.
                  | [potion of mutation]
  6031 | D:9      | Reached skill level 11 in Axes
  6317 | D:9      | Found a flagged portal.
  6350 | Bailey   | Entered a bailey
  6702 | Bailey   | Reached XP level 11. HP: 34/69 MP: 7/11
  6768 | Bailey   | Noticed an orc knight
  6781 | Bailey   | HP: 5/103 [orc warrior/+0 trident (9)]
  6782 | Bailey   | Killed an orc knight
  6785 | Bailey   | Demolished by an orc warrior

Illustrated notes

Levels and vault maps discovered:
D:1:      shiori_shiawase, layout_rooms
D:2:      layout_loops_corners
D:3:      layout_basic, gup_sewer_entry_bubbles, nrook_campfire,
          minmay_statues_item
D:4:      layout_cave_pools
D:5:      layout_gridville, minmay_temple_entry_from_below_a,
          ebering_ghost_rock_garden, minmay_lizard_king
D:6:      layout_cave_pools, minivault_1, minmay_hedge_maze,
          hangedman_decor_diamond_cutter, uniq_menkaure, uniq_maggie
D:7:      layout_basic
D:8:      layout_basic, mainiacjoe_overflow_24_doors, minmay_puff
D:9:      layout_loops_cross, hellmonk_lair_entry_icy, enter_bailey_4,
          grunt_decor_clamped, uniq_psyche
D:10:     layout_gridville, disabler_island
Bailey:   bailey_polearm_5, bailey

Skill      XL: |  1  2  3  4  5  6  7  8  9 10 11 |
---------------+----------------------------------+-----
Axes           | 3 4 5 6 8 9 11 | 11.7
Fighting       | 4 5 6 7 8 |  8.7
Armour         | 3 4 5 7 8 9 |  9.0
Stealth        | 1 |  1.6
Dodging        | 2 |  2.6
Evocations     | |  0.2

Action                     |  1- 3 |  4- 6 |  7- 9 | 10-12 || total
---------------------------+-------+-------+-------+-------++-------
  Melee: Hand axe          |   122 |   198 |   340 |   168 ||   828
         Punch             |       |     2 |     7 |     5 ||    14
 Invoke: Berserk           |     1 |     3 |     7 |     6 ||    17
         Trog's Hand       |       |     1 |     5 |     6 ||    12
         Brothers in Arms  |       |       |       |     1 ||     1
  Evoke: Wand              |       |       |       |     2 ||     2
    Use: Scroll            |     4 |     6 |     3 |     2 ||    15
         Potion            |       |       |       |     4 ||     4
 Armour: Animal skin       |    14 |       |       |       ||    14
         Plate armour      |   109 |   220 |   323 |   218 ||   870
         Steam dragon scal |       |       |    18 |       ||    18
  Dodge: Dodged            |    49 |    66 |   104 |    99 ||   318

Table legend: (Time is in decaauts)
 A = Elapsed time spent in this place.
 B = Non-inter-level travel time spent in this place.
 C = Inter-level travel time spent in this place.
 D = Time resting spent in this place.
 E = Time spent auto-exploring this place.
 F = Levels seen in this place.
 G = Mean time per level.
                   A        B        C        D        E       F      G
               +--------+--------+--------+--------+--------+-----+--------+
         Total |   6928 |   6806 |    122 |    537 |   4460 |  11 |  629.8 |
       Dungeon |   6473 |   6351 |    122 |    263 |   4379 |  10 |  647.3 |
        Bailey |    455 |    455 |      0 |    273 |     81 |   1 |  455.0 |
               +--------+--------+--------+--------+--------+-----+--------+

Top non-repeatable levels by time:
     D:3: 1303 daAuts
     D:2: 1019 daAuts
     D:6: 865 daAuts
     D:5: 825 daAuts
     D:7: 644 daAuts
     D:4: 506 daAuts
     D:9: 472 daAuts
     D:1: 462 daAuts
  Bailey: 455 daAuts
     D:8: 201 daAuts
    D:10: 171 daAuts
